 Dungeon Crawl Stone Soup version 0.28.0-53-g5a82cb258f (webtiles) character file.

Game seed: 6837154672266187477

37 Sin92 the Skirmisher (level 3, -5/29 HPs)
             Began as a Demonspawn Fighter on June 23, 2022.
             Slain by Sigmund
             ... wielding a +0 scythe
              (7 damage)
             ... on level 2 of the Dungeon.
             The game lasted 00:01:47 (1166 turns).

Sin92 the Skirmisher (Demonspawn Fighter)           Turns: 1166, Time: 00:01:48

Health: -5/29      AC:  8    Str: 22    XL:     3   Next: 21%
Magic:  3/3        EV:  9    Int:  9    God:
Gold:   51         SH:  5    Dex: 14    Spells: 2/2 levels left

rFire   . . .      SeeInvis .   a - +0 long sword
rCold   . . .      Faith    .   c - +0 buckler
rNeg    . . .      Spirit   .   b - +0 scale mail
rPois   .          Reflect  .   (no helmet)
rElec   .          Harm     .   (no cloak)
rCorr   .          Rampage  .   (no gloves)
Will    .....                   (no boots)
Stlth   ..........              (no amulet)
HPRegen 0.09/turn               j - +6 ring of strength
MPRegen 0.08/turn               (no ring)

@: attractive
A: thin metallic scales 1, foul stench 1, mutation resistance 1, noise
suppression
a: no special abilities


You were on level 2 of the Dungeon.
You visited 1 branch of the dungeon, and saw 2 of its levels.

You collected 51 gold pieces.

Inventory:

Hand Weapons
 a - a +0 long sword (weapon)
Missiles
 f - 4 silver javelins (quivered)
Armour
 b - a +0 scale mail (worn)
 c - a +0 buckler (worn)
Jewellery
 j - a +6 ring of strength (left hand)
Wands
 k - a wand of charming (10)
Scrolls
 e - a scroll of summoning {unknown}
 h - 2 scrolls of identify {unknown}
 l - a scroll of acquirement {unknown}
Potions
 d - a potion of might
 g - a potion of attraction


   Skills:
 + Level 3.3 Fighting
 + Level 2.2 Long Blades
 + Level 3.0 Armour
 + Level 0.9 Dodging
 + Level 3.0 Shields


You had 2 spell levels left.
You didn't know any spells.
Your spell library contained the following spells:

 Spells                   Type           Power      Damage    Failure   Level
 Apportation              Tloc           0%         N/A       80%         1
 Call Canine Familiar     Summ           0%         N/A       99%         3
 Portal Projectile        Hex/Tloc       0%         N/A       99%         3
 Leda's Liquefaction      Hex/Erth       0%         N/A       100%        4
 Alistair's Intoxication  Tmut/Pois      0%         N/A       100%        5


Dungeon Overview and Level Annotations

Branches:
Dungeon (2/15)

Altars:

Annotations:
D:2 Sigmund


Innate Abilities, Weirdness & Mutations

You are partially covered in thin metallic scales. (AC +2)
You may rarely emit foul miasma when damaged in melee.
You are somewhat resistant to further mutation.
You passively dampen the noise of your surroundings.


Message History

Your base attributes are Str 16, Int 9, Dex 12.
Increase (S)trength, (I)ntelligence, or (D)exterity?
You feel agile. x2; Your demonic ancestry asserts itself...
Thin metallic scales grow over part of your body.
No target in view!
You feel sick. Something hits you but does no damage.
No target in view!
You feel sick. Something hits you but does no damage.
No target in view!
You feel sick.
You are no longer poisoned.
Something hits you.
You are too injured to fight recklessly!
Something hits you.
You are too injured to fight recklessly!
Something hits you.
You are too injured to fight recklessly!
Something hits you but does no damage.
You are too injured to fight recklessly!
Something hits you!
* * * LOW HITPOINT WARNING * * *
You are too injured to fight recklessly!
Unknown command.
You hear some strange, mumbled words.
Something tries to affect you, but you resist.
You are too injured to fight recklessly!
There is a strange disturbance nearby!
You are too injured to fight recklessly!
Unknown command.
There is a strange disturbance nearby!
You are too injured to fight recklessly!
Something hits you but does no damage.
It was a potion of attraction.
You feel attractive to monsters.
It was a potion of mutation.
You feel extremely strange.
You feel your surroundings grow quieter.
You feel genetically stable. Something hits you but does no damage.
You barely miss something. Something hits you!
You die...

.......†.####.#.#..
................+..
...######.####.#.#..
..
+...........#.####
...######.###### #
.................
....[..#)........
........######.#.
......$@# #
#......{# #.......#
........# #######.#
#.# #.# #.#


There were no monsters in sight!

Vanquished Creatures
  An adder (D:2)
  A worm (D:2)
  2 endoplasms
  A goblin (D:1)
  A hobgoblin (D:1)
  6 jackals (D:1)
  2 quokkas (D:1)
  2 ball pythons (D:1)
  3 bats (D:1)
  A frilled lizard (D:1)
  A kobold (D:1)
  2 rats (D:1)
23 creatures vanquished.

Notes
Turn   | Place    | Note
-------+----------+-------------------------------------------
     0 | D:1      | Sin92 the Demonspawn Fighter began the quest for the Orb.
     0 | D:1      | Reached XP level 1. HP: 18/18 MP: 1/1
   545 | D:1      | Gained mutation: You may rarely emit foul miasma when
                  | damaged in melee. [demonic ancestry]
   545 | D:1      | Reached XP level 2. HP: 23/24 MP: 2/2
  1147 | D:2      | Noticed Sigmund
  1152 | D:2      | Gained mutation: You are partially covered in thin metallic
                  | scales. (AC +2) [demonic ancestry]
  1152 | D:2      | Reached XP level 3. HP: 22/29 MP: 3/3
  1165 | D:2      | Gained mutation: You passively dampen the noise of your
                  | surroundings. [potion of mutation]
  1165 | D:2      | Gained mutation: You are somewhat resistant to further
                  | mutation. [potion of mutation]
  1166 | D:2      | Slain by Sigmund

Illustrated notes

Levels and vault maps discovered:
D:1:      dpeg_arrival_rooms_with_view, layout_loops_ring, dk_noncrumbling_2
D:2:      layout_basic, basic_altar, serial_bayou_lagoon_a, uniq_sigmund

Skill      XL: |  1  2 |
---------------+-------+-----
Long Blades    | 2 |  2.2
Armour         | 3 |  3.0
Shields        | 3 |  3.0
Fighting       | |  3.3
Dodging        | |  0.9

Action                   || total
-------------------------++-------
Melee: Long sword        ||    66
  Use: Potion            ||     2
Armor: Scale mail        ||    35
Dodge: Dodged            ||    29
Block: Buckler           ||    19
